 Dungeon Crawl Stone Soup version 0.16-a0-3940-gf8a207b (webtiles) character file.

6862 DarthRa the Slinger (level 11, -10/64 HPs)
             Began as a Halfling Hunter on Feb 7, 2015.
             Was a Believer of Kikubaaqudgha.
             Rolled over by a boulder beetle (19 damage)
             ... on level 9 of the Dungeon.
             The game lasted 01:52:35 (10868 turns).

DarthRa the Slinger (Halfling Hunter)              Turns: 10868, Time: 01:52:35

Health: -10/64     AC: 22    Str: 16    XL:     11   Next: 26%
Magic:  17/17      EV: 13    Int: 10    God:    Kikubaaqudgha [**....]
Gold:   271        SH:  0    Dex: 18    Spells: 1 memorised, 9 levels left

rFire  + . .     SeeInvis +     a - +8 long sword of Eternal War {holy, *Rage rF+ rC++}
rCold  + + +     Rnd*Rage +     Q - +4 chain mail {rC+}
rNeg   . . .     SustAb   .     (no shield)
rPois  .         Gourm    .     m - +0 helmet
rElec  .         Spirit   .     C - +2 cloak
rCorr  +         Warding  .     j - +0 pair of gloves
rMut   .         Stasis   .     (no boots)
MR     .....                    E - amulet of resist corrosion
Stlth  ..........               l - ring of see invisible
                                q - +3 ring of strength

@: not resistant to hostile enchantments, extremely unstealthy
A: mutation resistance 1
a: Receive Corpses, Renounce Religion


You were on level 9 of the Dungeon.
You worshipped Kikubaaqudgha.
Kikubaaqudgha was pleased with you.
You were not hungry.

You visited 2 branches of the dungeon, and saw 10 of its levels.

You collected 608 gold pieces.
You spent 337 gold pieces at shops.

Inventory:

Hand weapons
 a - the +8 long sword of Eternal War (weapon) {holy, *Rage rF+ rC++}
   (You found it on level 7 of the Dungeon)

   It has been blessed by the Shining One to cause great damage to the undead
   and demons.
   It protects you from fire.
   It greatly protects you from cold.
   It may make you go berserk in combat.
 b - a +1 hunting sling
Missiles
 o - 182 stones (quivered)
 B - 3 steel sling bullets
Armour
 j - a +0 pair of gloves (worn)
 m - a +0 helmet (worn)
 x - a +2 leather armour of positive energy
 C - a +2 cloak (worn)
 Q - a +4 chain mail of cold resistance (worn)
Magical staves
 F - an uncursed staff of death
Jewellery
 l - a ring of see invisible (right hand)
 q - a +3 ring of strength (left hand)
 E - an amulet of resist corrosion (around neck)
 N - an uncursed ring of teleportation
 U - an uncursed amulet of the gourmand
Magical devices
 c - a wand of flame (21)
 y - a wand of teleportation (2)
 H - a wand of enslavement (3)
 P - a wand of magic darts (33)
 R - a wand of polymorph (4)
Scrolls
 k - 3 scrolls of remove curse
 n - 5 scrolls of identify
 r - a scroll of recharging {unknown}
 v - a scroll of random uselessness {unknown}
 w - a scroll of enchant armour
 A - a scroll of magic mapping {unknown}
 D - a scroll of vulnerability {unknown}
 L - a scroll of amnesia {unknown}
 O - 2 scrolls of immolation
 S - a scroll of blinking {unknown}
 T - 5 scrolls of teleportation {unknown}
Potions
 g - a potion of curing
 h - 3 potions of magic
 I - a potion of agility {unknown}
 J - a potion of cancellation
 K - a potion of haste
 M - a potion of poison {unknown}
 Y - a potion of degeneration {unknown}
Books
 d - a book of Envenomations

   Spells                             Type                      Level
   a - Spider Form                    Transmutation/Poison         3
   b - Alistair's Intoxication        Transmutation/Poison         4
   c - Olgreb's Toxic Radiance        Poison                       4
   d - Poisonous Cloud                Conjuration/Poison/Air       6
 t - Kikubaaqudgha's Incunabulum of Necromancy
   (Kikubaaqudgha gifted it to you on level 7 of the Dungeon)

   Spells                             Type                      Level
   a - Animate Skeleton               Necromancy                   1
   b - Corpse Rot                     Necromancy                   2
   c - Sublimation of Blood           Necromancy                   2
   d - Vampiric Draining              Necromancy                   3
   e - Control Undead                 Necromancy                   4
 u - a book of Power

   Spells                             Type                      Level
   a - Fulminant Prism                Conjuration/Hexes            4
   b - Iskenderun's Mystic Blast      Conjuration                  4
   c - Venom Bolt                     Conjuration/Poison           5
   d - Bolt of Magma                  Conjuration/Fire/Earth       5
   e - Iron Shot                      Conjuration/Earth            6
   f - Orb of Destruction             Conjuration                  7
   g - Spellforged Servitor           Conjuration/Summoning        7
Comestibles
 f - 7 bread rations
 i - 8 fruits
 z - 5 meat rations
 V - 11 royal jellies


   Skills:
 - Level 1.7 Fighting
 * Level 2.8 Long Blades
 - Level 7.3 Staves
 + Level 12.7 Slings
 + Level 11.6 Armour
 - Level 5.7 Dodging
 - Level 1.1 Stealth
 - Level 0.4 Spellcasting
 * Level 2.1 Necromancy
 + Level 3.3 Evocations


You had 9 spell levels left.
You knew the following spells:

 Your Spells              Type           Power        Failure   Level  Hunger
a - Animate Skeleton      Necr           N/A          98%         1    ##.....


Dungeon Overview and Level Annotations

Branches:
Dungeon (9/15)             Temple (1/1) D:5
   Lair: D:8-11         Orc: D:9-12

Altars:
Ashenzari
Cheibriados
Dithmenos
Elyvilon
Fedhas
Gozag
Kikubaaqudgha
Makhleb
Nemelex Xobeh
Okawaru
Qazlal
Ru
Sif Muna
Trog
Vehumet
Xom
Yredelemnul
Zin

Shops:
D:5 =

Annotations:
D:9 Prince Ribbit


Innate Abilities, Weirdness & Mutations

You are small and have problems with some larger weapons.
You are somewhat resistant to further mutation.


Message History

The boulder beetle stops rolling.
The boulder beetle curls into a ball and starts rolling!
Drink which item? (? for menu, Esc to quit)
Okay, then.
Evoke which item? (* to show all) (? for menu, Esc to quit)
Zapping:
c - a wand of flame (will waste charges)
Press: ? - help, Shift-Dir - straight line, f/p - boulder beetle
Aim: a boulder beetle (heavily wounded, rolling)
The puff of flame hits the boulder beetle.
The boulder beetle is heavily wounded.
Evoking this partially-identified wand wasted a few charges.
Evoke which item? (* to show all) (? for menu, Esc to quit)
Zapping:
R - a wand of polymorph (will waste charges)
Press: ? - help, Shift-Dir - straight line, f/p - boulder beetle
Aim: a boulder beetle (heavily wounded, rolling, chance 35%)
The boulder beetle easily resists.
Evoking this partially-identified wand wasted a few charges.
The boulder beetle smashes into you!
You die...
Kikubaaqudgha rasps: "You have failed me!
Welcome... death!"

########....###..##
............##....#
....##....#....#.##
#######........#.#
##.###.###.# ##.#
### #.# ##..# #.# #
##...## #.# ##
#.....# #@#
.####.....# #B#
..#....##..#####§#
.......##......#§#
#.
#..............#.#
#...
#..............#.#
#....
#...####.......#.#
#...# ...##
####..##.##...#
...# #...#.#...#


You could see a boulder beetle.

Vanquished Creatures
  The ghost of aimeelou the Spear-Bearer, an experienced MfGl of Ru (D:6)
  A two-headed ogre (D:8)
  A troll (D:9)
  A wyvern (D:8)
  A hungry ghost (D:8)
  A hippogriff (D:7)
  Edmund (D:4)
  Purgy (D:3)
  3 orc warriors
  5 black bears
  2 ice beasts
  4 ogres
  A wasp (D:8)
  3 centaurs
  Sigmund (D:3)
  Duvessa (D:4)
  A giant frog (D:6)
  A gnoll sergeant (D:5)
  2 scorpions (D:5)
  4 crimson imps
  3 goliath beetles
  5 hounds
  A giant frog zombie (D:5)
  2 centaur skeletons
  A centaur zombie (D:6)
  6 jellies
  3 orc wizards
  Crazy Yiuf (D:3)
  2 iguanas
  An orc priest (D:4)
  8 worker ants
  A hound skeleton (D:4)
  3 adders
  13 gnolls
  A giant mite (D:7)
  2 worms (D:3)
  8 giant geckos
  5 oozes (D:8)
  24 orcs
  18 bats
  7 goblins
  14 hobgoblins
  20 jackals
  14 kobolds
  A quokka (D:2)
  7 giant cockroaches
  2 giant gecko skeletons
  4 giant newts
  A quokka skeleton (D:6)
  A quokka zombie (D:8)
  12 rats
  A fungus (D:3)
228 creatures vanquished.

Notes
Turn   | Place    | Note
--------------------------------------------------------------
     0 | D:1      | DarthRa, the Halfling Hunter, began the quest for the Orb.
     0 | D:1      | Reached XP level 1. HP: 14/14 MP: 1/1
    82 | D:1      | Reached skill level 6 in Slings
   528 | D:1      | Reached XP level 2. HP: 19/19 MP: 2/2
   941 | D:1      | Reached XP level 3. HP: 24/24 MP: 3/3
  1551 | D:2      | Reached skill level 7 in Slings
  1561 | D:2      | Found a basalt altar of Yredelemnul.
  1936 | D:2      | Reached XP level 4. HP: 29/29 MP: 4/4
  1970 | D:3      | Noticed Sigmund
  2256 | D:3      | Reached XP level 5. HP: 34/34 MP: 5/5
  2840 | D:3      | Noticed Purgy
  2850 | D:3      | Killed Purgy
  2850 | D:3      | Reached skill level 8 in Slings
  2850 | D:3      | Reached XP level 6. HP: 36/39 MP: 6/6
  2927 | D:3      | Killed Sigmund
  2927 | D:3      | Reached skill level 9 in Slings
  3159 | D:3      | Found a shadowy altar of Dithmenos.
  3369 | D:3      | Noticed Crazy Yiuf
  3378 | D:3      | Killed Crazy Yiuf
  3661 | D:4      | Reached XP level 7. HP: 28/44 MP: 7/7
  3779 | D:4      | Noticed Dowan
  3782 | D:4      | Noticed Duvessa
  4215 | D:4      | Killed Duvessa
  4215 | D:4      | Reached skill level 10 in Slings
  4215 | D:4      | Reached skill level 5 in Dodging
  4336 | D:4      | Noticed Dowan
  4336 | D:4      | Dowan changed into Dowan the adder
  4337 | D:4      | Killed Dowan the adder
  4846 | D:4      | Reached skill level 11 in Slings
  4899 | D:4      | Noticed Edmund
  4916 | D:4      | Killed Edmund
  4916 | D:4      | Reached skill level 1 in Staves
  4916 | D:4      | Reached skill level 1 in Evocations
  4916 | D:4      | Reached XP level 8. HP: 38/49 MP: 7/9
  5088 | D:5      | Entered Level 5 of the Dungeon
  5113 | D:5      | Reached skill level 1 in Armour
  5343 | D:5      | Found a staircase to the Ecumenical Temple.
  5389 | Temple   | Entered the Ecumenical Temple
  5578 | Temple   | Became a worshipper of Kikubaaqudgha
  6034 | D:5      | Found Mnim's Jewellery Shop.
  6039 | D:5      | Bought a +2 ring of strength for 112 gold pieces
  6174 | D:5      | Reached XP level 9. HP: 54/54 MP: 11/11
  6287 | D:5      | Reached skill level 12 in Slings
  6287 | D:5      | Reached skill level 5 in Armour
  6620 | D:6      | Noticed aimeelou's ghost (experienced MfGl)
  6740 | D:6      | Found a glowing silver altar of Zin.
  7137 | D:6      | Reached skill level 10 in Armour
  7137 | D:6      | Reached XP level 10. HP: 22/60 MP: 12/12
  7165 | D:6      | Killed aimeelou's ghost
  7610 | D:5      | Bought an uncursed ring of see invisible for 225 gold pieces
  7933 | D:7      | Got a smoking long sword
  7934 | D:7      | Identified the +8 long sword of Eternal War {holy, *Rage rF+ rC++} (You found it on level 7 of the Dungeon)
  8083 | D:7      | Found a snail-covered altar of Cheibriados.
  8930 | D:7      | Acquired Kikubaaqudgha's first power
  8930 | D:7      | Received a gift from Kikubaaqudgha
  8936 | D:7      | Identified Kikubaaqudgha's Incunabulum of Necromancy (Kikubaaqudgha gifted it to you on level 7 of the Dungeon)
  9084 | D:8      | Reached skill level 1 in Long Blades
  9117 | D:8      | Reached skill level 1 in Necromancy
  9536 | D:8      | Reached XP level 11. HP: 64/64 MP: 15/15
  9625 | D:8      | Learned a level 1 spell: Animate Skeleton
  9647 | D:8      | Found a bloodstained altar of Trog.
  9913 | D:8      | Found a bloodstained altar of Trog.
 10466 | D:9      | Acquired Kikubaaqudgha's second power
 10768 | D:9      | Found a stormy altar of Qazlal.
 10785 | D:9      | Noticed Prince Ribbit
 10868 | D:9      | Rolled over by a boulder beetle

Action                   |  1- 3 |  4- 6 |  7- 9 | 10-12 || total
-------------------------+-------+-------+-------+-------++-------
Melee: Short sword       |    30 |    18 |       |       ||    48
       Quarterstaff      |       |     7 |    83 |    63 ||   153
       Unarmed           |       |       |     3 |       ||     3
       Long sword        |       |       |       |   185 ||   185
 Fire: Hunting sling     |    77 |   149 |   284 |   155 ||   665
Throw: Stone             |       |       |     2 |    33 ||    35
       Tomahawk          |       |       |       |     5 ||     5
Evoke: Wand              |       |       |       |     3 ||     3
  Use: Potion            |     1 |       |     3 |     9 ||    13
       Scroll            |       |       |     6 |     1 ||     7
  Eat: Chunk             |     3 |     5 |     9 |    13 ||    30
       Royal jelly       |       |       |       |     2 ||     2
